2671 views
Uploaded 2021-04-26 03:51:29
Game version 1.32.10
22:25 long 2on2 ladder game on (4)TwistedMeadows
Saved by GwaiLo
2671 views
Uploaded 2021-04-26 03:51:29
Game version 1.32.10
22:25 long 2on2 ladder game on (4)TwistedMeadows


85 units @ 11.1k
/ 1.1k
53 buildings @ 5.1k
/ 2k



| Scroll of Regeneration | 2 | 200 |
| Lesser Clarity Potion | 2 | 140 |
| Staff of Sanctuary | 2 | 500 |
| Scroll of Town Portal | 1 | 350 |
| total: | 7 | 1190g |
| Peasant | 30 | 2250 | / | 0 |
| Footman | 11 | 1485 | / | 0 |
| Rifleman | 4 | 820 | / | 120 |
| Knight | 6 | 1470 | / | 360 |
| Priest | 5 | 675 | / | 50 |
| Goblin Shredder | 1 | 375 | / | 100 |
| total: | 57 | 7075g | / | 630w |
| Scout Tower | 12 | 360 | / | 240 |
| Arcane Tower | 1 | 70 | / | 50 |
| Guard Tower | 3 | 210 | / | 150 |
| Altar of Kings | 1 | 180 | / | 50 |
| Barracks | 2 | 320 | / | 120 |
| Farm | 12 | 960 | / | 240 |
| Arcane Vault | 1 | 130 | / | 30 |
| Town Hall | 1 | 385 | / | 205 |
| Lumber Mill | 1 | 120 | / | 0 |
| Blacksmith | 1 | 140 | / | 60 |
| Arcane Sanctum | 2 | 300 | / | 280 |
| Keep | 1 | 320 | / | 210 |
| Castle | 1 | 360 | / | 210 |
| total: | 33 | 2895g | / | 1225w |
| 0:02 | Peasant |
| 0:02 | Peasant |
| 0:06 | Altar of Kings |
| 0:18 | Barracks |
| 0:21 | Peasant |
| 0:33 | Farm |
| 0:38 | Peasant |
| 0:51 | Peasant |
| 1:03 | Farm |
| 1:08 | Peasant |
| 1:19 | Footman |
| 1:28 | Peasant |
| 1:34 | Farm |
| 1:41 | Footman |
| 1:45 | Scout Tower |
| 2:02 | Footman |
| 2:05 | Peasant |
| 2:07 | Summon Water Elemental |
| 2:11 | Arcane Tower |
| 2:58 | Brilliance Aura |
| 3:03 | Footman |
| 3:28 | Footman |
| 3:29 | Peasant |
| 3:30 | Peasant |
| 3:40 | Arcane Vault |
| 3:51 | Footman |
| 3:52 | Peasant |
| 3:56 | Farm |
| 4:58 | Farm |
| 5:07 | Summon Water Elemental |
| 5:12 | Town Hall |
| 5:28 | Peasant |
| 5:29 | Footman |
| 5:35 | Farm |
| 5:39 | Footman |
| 5:41 | Peasant |
| 5:48 | Scroll of Regeneration |
| 5:48 | Lesser Clarity Potion |
| 6:02 | Peasant |
| 6:04 | Footman |
| 6:06 | Peasant |
| 6:41 | Keep |
| 6:42 | Footman |
| 6:45 | Lumber Mill |
| 7:00 | Footman |
| 7:03 | Barracks |
| 7:06 | Blacksmith |
| 7:11 | Farm |
| 7:35 | Defend |
| 8:11 | Farm |
| 8:12 | Goblin Shredder |
| 8:27 | Scroll of Regeneration |
| 8:28 | Lesser Clarity Potion |
| 8:39 | Rifleman |
| 8:44 | Farm |
| 8:53 | Farm |
| 9:43 | Rifleman |
| 9:44 | Castle |
| 9:47 | Black Gunpowder |
| 9:49 | Arcane Sanctum |
| 9:51 | Arcane Sanctum |
| 10:04 | Storm Bolt |
| 10:06 | Peasant |
| 10:06 | Peasant |
| 10:26 | Brilliance Aura |
| 10:31 | Long Rifles |
| 10:41 | Peasant |
| 10:42 | Peasant |
| 10:42 | Peasant |
| 10:58 | Studded Leather Armor |
| 11:19 | Sorceress Adept Training |
| 11:19 | Priest Adept Training |
| 11:24 | Refined Gunpowder |
| 11:43 | Peasant |
| 11:48 | Peasant |
| 11:49 | Peasant |
| 11:49 | Peasant |
| 12:01 | Peasant |
| 12:01 | Peasant |
| 12:17 | Peasant |
| 12:21 | Scout Tower |
| 12:22 | Scout Tower |
| 12:23 | Scout Tower |
| 12:25 | Scout Tower |
| 12:25 | Scout Tower |
| 12:31 | Sorceress Master Training |
| 12:31 | Priest Master Training |
| 12:33 | Reinforced Leather Armor |
| 12:35 | Animal War Training |
| 12:41 | Improved Masonry |
| 13:01 | Peasant |
| 13:12 | Peasant |
| 13:26 | Knight |
| 13:29 | Iron Plating |
| 13:39 | Farm |
| 13:49 | Priest |
| 14:28 | Peasant |
| 14:31 | Scout Tower |
| 14:32 | Scout Tower |
| 14:33 | Scout Tower |
| 14:34 | Scout Tower |
| 14:35 | Scout Tower |
| 14:35 | Scout Tower |
| 14:39 | Scroll of Town Portal |
| 14:49 | Staff of Sanctuary |
| 15:10 | Priest |
| 16:55 | Knight |
| 16:56 | Priest |
| 16:57 | Priest |
| 17:01 | Thunder Clap |
| 17:20 | Rifleman |
| 17:27 | Guard Tower |
| 17:31 | Guard Tower |
| 17:35 | Guard Tower |
| 17:48 | Steel Plating |
| 18:03 | Holy Light |
| 18:16 | Staff of Sanctuary |
| 18:23 | Knight |
| 18:29 | Knight |
| 18:36 | Farm |
| 19:16 | Knight |
| 19:19 | Mithril Plating |
| 20:06 | Knight |
| 20:07 | Priest |
| 20:38 | Summon Water Elemental |
| 21:44 | Devotion Aura |
| 22:01 | Rifleman |
| Right click | 770 |
| Select group | 654 |
| Select | 481 |
| Build/train/purchase | 179 |
| Misc. action | 139 |
| Assign group | 56 |
| Use ability | 20 |
| Minimap ping | 15 |
| Chat | 12 |
| Item give/drop | 4 |



| Scroll of Regeneration | 4 | 400 |
| Staff of Sanctuary | 2 | 500 |
| Potion of Healing | 1 | 150 |
| Scroll of Town Portal | 4 | 1400 |
| Scroll of Healing | 1 | 250 |
| Boots of Speed | 1 | 250 |
| total: | 13 | 2950g |
| Peasant | 13 | 975 | / | 0 |
| Rifleman | 15 | 3075 | / | 450 |
| total: | 28 | 4050g | / | 450w |
| Scout Tower | 1 | 30 | / | 20 |
| Arcane Tower | 2 | 140 | / | 100 |
| Altar of Kings | 1 | 180 | / | 50 |
| Farm | 12 | 960 | / | 240 |
| Blacksmith | 1 | 140 | / | 60 |
| Barracks | 1 | 160 | / | 60 |
| Arcane Vault | 1 | 130 | / | 30 |
| Lumber Mill | 1 | 120 | / | 0 |
| Town Hall | 1 | 385 | / | 205 |
| Workshop | 1 | 140 | / | 140 |
| Keep | 1 | 320 | / | 210 |
| Castle | 2 | 720 | / | 420 |
| total: | 20 | 2245g | / | 805w |
| 0:02 | Peasant |
| 0:02 | Peasant |
| 0:14 | Altar of Kings |
| 0:19 | Peasant |
| 0:30 | Farm |
| 0:33 | Peasant |
| 0:42 | Blacksmith |
| 0:51 | Peasant |
| 1:01 | Barracks |
| 1:07 | Peasant |
| 1:26 | Peasant |
| 1:35 | Farm |
| 1:45 | Peasant |
| 1:53 | Farm |
| 2:08 | Peasant |
| 2:13 | Rifleman |
| 2:13 | Rifleman |
| 2:28 | Scout Tower |
| 2:36 | Storm Bolt |
| 2:46 | Rifleman |
| 3:28 | Rifleman |
| 3:46 | Defend |
| 3:49 | Keep |
| 4:08 | Rifleman |
| 4:13 | Farm |
| 4:16 | Arcane Tower |
| 4:37 | Farm |
| 4:41 | Black Gunpowder |
| 4:53 | Rifleman |
| 5:00 | Farm |
| 5:12 | Arcane Vault |
| 5:52 | Thunder Clap |
| 5:53 | Thunder Clap |
| 6:28 | Rifleman |
| 6:36 | Long Rifles |
| 6:48 | Boots of Speed |
| 7:01 | Castle |
| 7:13 | Studded Leather Armor |
| 7:33 | Siphon Mana |
| 8:06 | Scroll of Regeneration |
| 8:09 | Scroll of Town Portal |
| 8:44 | Rifleman |
| 8:46 | Refined Gunpowder |
| 8:55 | Farm |
| 8:59 | Storm Bolt |
| 9:13 | Rifleman |
| 9:16 | Farm |
| 9:19 | Lumber Mill |
| 9:46 | Banish |
| 9:55 | Rifleman |
| 10:51 | Town Hall |
| 11:02 | Imbued Gunpowder |
| 11:05 | Improved Lumber Harvesting |
| 11:33 | Rifleman |
| 11:37 | Farm |
| 11:42 | Farm |
| 11:47 | Farm |
| 12:13 | Reinforced Leather Armor |
| 12:22 | Staff of Sanctuary |
| 12:26 | Scroll of Regeneration |
| 12:53 | Peasant |
| 12:53 | Peasant |
| 12:54 | Peasant |
| 13:15 | Rifleman |
| 13:33 | Siphon Mana |
| 14:01 | Scroll of Regeneration |
| 14:11 | Scroll of Town Portal |
| 14:24 | Staff of Sanctuary |
| 15:00 | Rifleman |
| 15:14 | Rifleman |
| 15:17 | Farm |
| 15:56 | Potion of Healing |
| 15:57 | Scroll of Town Portal |
| 16:12 | Thunder Clap |
| 17:09 | Holy Light |
| 17:09 | Holy Light |
| 17:43 | Scroll of Healing |
| 18:10 | Rifleman |
| 18:14 | Workshop |
| 18:37 | Scroll of Regeneration |
| 18:51 | Scroll of Town Portal |
| 19:03 | Flak Cannons |
| 19:13 | Dragonhide Armor |
| 19:26 | Peasant |
| 20:35 | Storm Bolt |
| 20:41 | Devotion Aura |
| 21:00 | Banish |
| 21:44 | Holy Light |
| Right click | 1157 |
| Select group | 542 |
| Select | 257 |
| Build/train/purchase | 116 |
| Misc. action | 91 |
| Assign group | 57 |
| Use ability | 42 |
| Chat | 39 |
| Minimap ping | 17 |
| Remove unit | 3 |
| Item give/drop | 2 |
68 units @ 11.2k
/ 1.9k
39 buildings @ 6.3k
/ 2.7k



| Rod of Necromancy | 2 | 300 |
| Orb of Corruption | 1 | 375 |
| Potion of Healing | 1 | 150 |
| Potion of Mana | 1 | 200 |
| Scroll of Town Portal | 5 | 1750 |
| Circlet of Nobility | 1 | 175 |
| Potion of Lesser Invulnerability | 1 | 150 |
| total: | 12 | 3100g |
| Acolyte | 9 | 675 | / | 0 |
| Ghoul | 2 | 240 | / | 0 |
| Crypt Fiend | 10 | 2150 | / | 400 |
| Obsidian Statue | 5 | 1000 | / | 175 |
| Abomination | 4 | 960 | / | 280 |
| total: | 30 | 5025g | / | 855w |
| Crypt | 1 | 200 | / | 50 |
| Graveyard | 1 | 215 | / | 0 |
| Altar of Darkness | 1 | 180 | / | 50 |
| Ziggurat | 8 | 1200 | / | 400 |
| Tomb of Relics | 1 | 130 | / | 30 |
| Necropolis | 1 | 225 | / | 0 |
| Slaughterhouse | 3 | 420 | / | 405 |
| Temple of the Damned | 1 | 155 | / | 140 |
| Halls of the Dead | 1 | 320 | / | 210 |
| Black Citadel | 1 | 325 | / | 230 |
| total: | 17 | 2725g | / | 1075w |
| 0:02 | Acolyte |
| 0:08 | Crypt |
| 0:12 | Graveyard |
| 0:18 | Acolyte |
| 0:39 | Altar of Darkness |
| 0:59 | Ziggurat |
| 1:10 | Ghoul |
| 1:21 | Tomb of Relics |
| 1:41 | Ziggurat |
| 1:50 | Crypt Fiend |
| 1:58 | Ziggurat |
| 2:19 | Crypt Fiend |
| 2:46 | Death Coil |
| 2:47 | Rod of Necromancy |
| 2:52 | Ghoul |
| 3:26 | Halls of the Dead |
| 3:58 | Ziggurat |
| 4:02 | Unholy Aura |
| 4:06 | Crypt Fiend |
| 4:40 | Crypt Fiend |
| 4:55 | Rod of Necromancy |
| 5:36 | Death Coil |
| 5:48 | Black Citadel |
| 6:24 | Slaughterhouse |
| 6:25 | Slaughterhouse |
| 6:48 | Frost Nova |
| 7:04 | Ziggurat |
| 7:06 | Ziggurat |
| 7:29 | Obsidian Statue |
| 7:29 | Obsidian Statue |
| 8:19 | Orb of Corruption |
| 8:30 | Creature Attack |
| 8:31 | Crypt Fiend |
| 8:42 | Destroyer Form |
| 9:00 | Frost Armor |
| 9:32 | Improved Creature Attack |
| 9:36 | Scroll of Town Portal |
| 9:57 | Obsidian Statue |
| 9:59 | Slaughterhouse |
| 10:09 | Unholy Aura |
| 10:47 | Frost Nova |
| 10:56 | Acolyte |
| 11:00 | Ziggurat |
| 11:06 | Abomination |
| 11:07 | Disease Cloud |
| 11:44 | Unholy Armor |
| 11:52 | Necropolis |
| 12:30 | Scroll of Town Portal |
| 13:02 | Circlet of Nobility |
| 13:02 | Potion of Lesser Invulnerability |
| 13:11 | Silence |
| 13:23 | Acolyte |
| 13:23 | Acolyte |
| 13:23 | Acolyte |
| 13:24 | Acolyte |
| 13:40 | Web |
| 14:01 | Acolyte |
| 14:01 | Acolyte |
| 14:32 | Scroll of Town Portal |
| 15:07 | Abomination |
| 15:09 | Abomination |
| 16:37 | Obsidian Statue |
| 16:42 | Creature Carapace |
| 16:57 | Crypt Fiend |
| 17:06 | Scroll of Town Portal |
| 17:37 | Crypt Fiend |
| 17:39 | Abomination |
| 18:07 | Crypt Fiend |
| 18:13 | Ziggurat |
| 18:27 | Improved Creature Carapace |
| 18:28 | Improved Unholy Armor |
| 19:22 | Scroll of Town Portal |
| 20:13 | Black Arrow |
| 20:49 | Death Coil |
| 20:52 | Obsidian Statue |
| 20:57 | Advanced Creature Attack |
| 20:58 | Crypt Fiend |
| 20:58 | Crypt Fiend |
| 21:02 | Temple of the Damned |
| 21:58 | Potion of Healing |
| 21:58 | Potion of Mana |
| Right click | 1803 |
| Select group | 579 |
| Select | 472 |
| Misc. action | 284 |
| Use ability | 111 |
| Build/train/purchase | 110 |
| Assign group | 89 |
| Item give/drop | 10 |
| Chat | 4 |
| Remove unit | 3 |



| Rod of Necromancy | 2 | 300 |
| Sacrificial Skull | 1 | 50 |
| Potion of Healing | 3 | 450 |
| Potion of Mana | 4 | 800 |
| Orb of Corruption | 1 | 375 |
| Scroll of Town Portal | 3 | 1050 |
| Scroll of Healing | 2 | 500 |
| Scroll of Protection | 1 | 150 |
| total: | 17 | 3675g |
| Acolyte | 9 | 675 | / | 0 |
| Ghoul | 16 | 1920 | / | 0 |
| Obsidian Statue | 2 | 400 | / | 70 |
| Abomination | 7 | 1680 | / | 490 |
| Frost Wyrm | 2 | 770 | / | 240 |
| Goblin Shredder | 2 | 750 | / | 200 |
| total: | 38 | 6195g | / | 1000w |
| Spirit Tower | 3 | 435 | / | 120 |
| Altar of Darkness | 1 | 180 | / | 50 |
| Ziggurat | 8 | 1200 | / | 400 |
| Crypt | 3 | 600 | / | 150 |
| Tomb of Relics | 1 | 130 | / | 30 |
| Graveyard | 2 | 430 | / | 0 |
| Necropolis | 1 | 225 | / | 0 |
| Slaughterhouse | 2 | 280 | / | 270 |
| Sacrificial Pit | 2 | 150 | / | 300 |
| Boneyard | 2 | 350 | / | 400 |
| Halls of the Dead | 1 | 320 | / | 210 |
| Black Citadel | 1 | 325 | / | 230 |
| total: | 22 | 3545g | / | 1600w |
| 0:02 | Acolyte |
| 0:03 | Acolyte |
| 0:05 | Altar of Darkness |
| 0:08 | Ziggurat |
| 0:38 | Crypt |
| 0:41 | Crypt |
| 0:42 | Crypt |
| 0:49 | Tomb of Relics |
| 1:24 | Ziggurat |
| 1:47 | Ghoul |
| 1:47 | Ghoul |
| 1:47 | Ghoul |
| 1:48 | Ghoul |
| 2:06 | Rod of Necromancy |
| 2:07 | Sacrificial Skull |
| 2:09 | Death Coil |
| 2:20 | Ghoul |
| 2:20 | Ghoul |
| 2:20 | Ghoul |
| 3:32 | Ghoul |
| 3:32 | Ghoul |
| 3:36 | Acolyte |
| 3:57 | Ghoul |
| 3:57 | Ghoul |
| 4:10 | Halls of the Dead |
| 4:35 | Ziggurat |
| 4:41 | Graveyard |
| 4:42 | Graveyard |
| 4:54 | Ghoul |
| 4:55 | Ghoul |
| 5:22 | Ziggurat |
| 5:28 | Unholy Aura |
| 5:43 | Necropolis |
| 5:59 | Ghoul |
| 6:28 | Spirit Tower |
| 6:34 | Ziggurat |
| 6:36 | Slaughterhouse |
| 6:55 | Rod of Necromancy |
| 7:09 | Spirit Tower |
| 7:20 | Acolyte |
| 7:20 | Acolyte |
| 7:20 | Acolyte |
| 7:25 | Spirit Tower |
| 8:00 | Obsidian Statue |
| 8:01 | Acolyte |
| 8:13 | Ziggurat |
| 8:15 | Sacrificial Pit |
| 8:41 | Goblin Shredder |
| 8:41 | Goblin Shredder |
| 9:05 | Death Coil |
| 9:31 | Ghoul |
| 9:55 | Black Citadel |
| 10:44 | Slaughterhouse |
| 10:46 | Sacrificial Pit |
| 10:48 | Obsidian Statue |
| 10:52 | Scroll of Town Portal |
| 10:53 | Potion of Healing |
| 10:53 | Potion of Mana |
| 10:53 | Potion of Mana |
| 10:56 | Sleep |
| 10:58 | Ghoul |
| 11:02 | Unholy Armor |
| 11:55 | Unholy Aura |
| 12:15 | Scroll of Town Portal |
| 12:17 | Ghoul Frenzy |
| 12:18 | Cannibalize |
| 12:24 | Abomination |
| 12:24 | Disease Cloud |
| 12:25 | Acolyte |
| 12:27 | Ziggurat |
| 12:47 | Improved Unholy Armor |
| 13:33 | Orb of Corruption |
| 13:40 | Scroll of Town Portal |
| 13:50 | Abomination |
| 14:07 | Unholy Strength |
| 14:12 | Scroll of Protection |
| 14:12 | Scroll of Healing |
| 14:28 | Abomination |
| 14:43 | Acolyte |
| 14:51 | Frost Nova |
| 15:02 | Abomination |
| 15:03 | Abomination |
| 16:11 | Vampiric Aura |
| 17:02 | Abomination |
| 17:32 | Boneyard |
| 17:35 | Boneyard |
| 17:39 | Abomination |
| 17:52 | Potion of Mana |
| 17:54 | Potion of Mana |
| 17:56 | Dark Ritual |
| 18:01 | Advanced Unholy Armor |
| 18:20 | Scroll of Healing |
| 19:22 | Frost Wyrm |
| 19:24 | Ziggurat |
| 21:12 | Frost Wyrm |
| 21:54 | Potion of Healing |
| 21:54 | Potion of Healing |
| Right click | 1313 |
| Select group | 629 |
| Select | 332 |
| Build/train/purchase | 122 |
| Assign group | 86 |
| Use ability | 53 |
| Misc. action | 38 |
| Minimap ping | 8 |
| Item give/drop | 3 |
| Esc | 2 |